 Dungeon Sprint DCSS version 0.28-a0-268-g3f656e82c2 (webtiles) character file.

Game seed: 11869758972095555728

21543 theanonym the Fencer (level 12, -14/127 HPs)
             Began as a Deep Dwarf Gladiator on Aug 29, 2021.
             Was the Champion of Makhleb.
             Demolished by an ettin (32 damage)
             ... in the Dungeon (Sprint IX: "|||||||||||||||||||||||||||||").
             The game lasted 00:08:48 (2061 turns).

theanonym the Fencer (Deep Dwarf Gladiator)         Turns: 2061, Time: 00:08:49

Health: -14/127    AC: 27    Str: 24    XL:     12   Next: 55%
Magic:  10/10      EV: 10    Int:  8    God:    Makhleb [******]
Gold:   1158       SH: 13    Dex: 14    Spells: 11/11 levels left

rFire   . . .      SeeInvis .   a - +2 scimitar (flame)
rCold   + . .      Faith    .   i - +0 kite shield
rNeg    . . .      Spirit   .   h - +2 plate armour {rC+}
rPois   .          Reflect  .   c - +0 helmet
rElec   .          Harm     .   u - +2 cloak {Will+}
rCorr   .          Rampage  .   p - +1 pair of gloves
Will    +++..      NoTele   +   (no boots)
Stlth   ..........              (no amulet)
HPRegen 0.00/turn               x - ring of willpower
MPRegen 0.12/turn               (no ring)

@: no status effects
A: damage resistance, heal wounds, sense surroundings 2, no regeneration
a: Heal Wounds, Renounce Religion, Minor Destruction, Lesser Servant of Makhleb,
Major Destruction, Greater Servant of Makhleb


Innate Abilities, Weirdness & Mutations

You are resistant to damage.
You can heal yourself by infusing magical energy.
You passively map the area around you.
You do not regenerate.


   Skills:
 + Level 13.9 Fighting
 - Level 18.1 Long Blades
 - Level 1.7 Throwing
 + Level 16.0 Armour
 - Level 6.1 Dodging
 - Level 15.0 Shields
 - Level 10.0 Invocations


You had 11 spell levels left.
You didn't know any spells.
Your spell library contained the following spells:

 Spells                   Type           Power      Damage    Failure   Level
 Conjure Flame            Conj/Fire      0%         6-21      100%        3
 Ignite Poison            Fire/Tmut/Pois 0%         N/A       100%        3
 Sticky Flame             Conj/Fire      0%         2d3       100%        4

Skill      XL: |  1  2  3  4  5  6  7  8  9 10 11 12 |
---------------+-------------------------------------+-----
Fighting       | 2 4 5 6 7 8 9 10 11 12 13 | 13.9
Armour         | 2 4 6 7 8 10 11 13 14 16 | 16.0
Long Blades    | 4 7 8 10 11 13 15 16 18 | 18.1
Shields        | 5 6 8 11 13 15 | 15.0
Dodging        | 6 |  6.1
Invocations    | 8 10 | 10.0
Throwing       | |  1.7

Action                   |  1- 3 |  4- 6 |  7- 9 | 10-12 || total
-------------------------+-------+-------+-------+-------++-------
Melee: Long sword        |    27 |    29 |    35 |       ||    91
       Scimitar          |       |       |    45 |   373 ||   418
Throw: Throwing net      |       |     2 |     1 |     3 ||     6
 Abil: Heal Wounds       |       |     1 |    12 |    26 ||    39
Evoke: Wand              |       |       |     6 |     4 ||    10
  Use: Potion            |     1 |     3 |       |     2 ||     6
       Scroll            |       |       |       |     1 ||     1
 Stab: Invisible         |       |     2 |       |       ||     2
       Held in net/web   |       |     3 |       |     3 ||     6
Armor: Leather armour    |     5 |     2 |       |       ||     7
       Chain mail        |       |       |    47 |    40 ||    87
       Plate armour      |       |       |       |    33 ||    33
Dodge: Dodged            |    14 |    15 |    26 |    63 ||   118
Block: Kite shield       |       |       |    60 |   152 ||   212

Inventory:

Hand Weapons
 a - a +2 scimitar of flaming (weapon)
Armour
 c - a +0 helmet (worn)
 h - a +2 plate armour of cold resistance (worn)
 i - a +0 kite shield (worn)
 p - a +1 pair of gloves (worn)
 u - a +2 cloak of willpower (worn)
Jewellery
 s - a ring of see invisible
 t - a ring of ice
 v - a ring of ice
 x - a ring of willpower (left hand)
Scrolls
 f - 2 scrolls of fog
 l - 2 scrolls of amnesia
 n - 4 scrolls of enchant armour
 o - 2 scrolls of fear
 r - 2 scrolls of identify
 B - 4 scrolls of blinking
Potions
 b - 5 potions of berserk rage
 d - a potion of brilliance
 g - 4 potions of magic
 q - 4 potions of heal wounds
 w - 6 potions of curing You were in the Dungeon. You worshipped Makhleb. Makhleb was exalted by your worship. You visited 1 branch You collected 1921 gold pieces. You spent 763 gold pieces at shops.

Dungeon Overview and Level Annotations

Branches:
Dungeon (1/1)

Altars:
Cheibriados
Dithmenos
Elyvilon
Fedhas
Gozag
Hepliaklqana
Kikubaaqudgha
Makhleb
Nemelex Xobeh
Okawaru
Qazlal
Ru
Sif Muna
Trog
Uskayaw
Vehumet
Wu Jian
Xom
Yredelemnul
Zin
The Shining One
Beogh
Jiyva
Lugonu

Shops:
D [:[(

* ▓.▓∩▓.▓(▓.▓.▓ *
* *,*
▓.▓.▓)▓.▓(▓.▓'▓ *
, ,*
▓.▓.▓∩▓.▓.▓.▓.▓ *
*,
▓.▓.▓.▓.▓.▓.▓.▓ *
,
,▓.▓.▓∩▓.▓.▓.▓[▓
, * *,*
▓.▓.▓.▓)▓.▓.▓.▓
,* * *
▓.▓.▓∩▓)▓.▓.▓[▓ *
* *
▓C▓.▓.▓.▓.▓.▓.▓ *
▓@▓.▓.▓.▓.▓.▓[▓ *
* *, ,
▓)▓.▓)▓.▓.▓.▓.▓ *
*,▓'▓.▓)▓.▓.▓.▓.▓
, , ,
,▓.▓.▓)▓.▓†▓.▓'▓
* * *
▓.▓.▓)▓.▓.▓.▓_▓ *
* ,*
▓.▓.▓.▓.▓.▓.▓_▓
,▓)▓.▓.▓.▓.▓.▓_▓
* ▓=▓.▓.▓.▓.▓.▓_▓
* , ,
,▓(▓.▓.▓.▓.▓.▓_▓


You could see an ettin.

Notes
Turn   | Place    | Note
-------+----------+-------------------------------------------
     0 | D        | theanonym the Deep Dwarf Gladiator began the quest for the
                  | Orb.
     0 | D        | Reached XP level 1. HP: 19/19 MP: 1/1
    11 | D        | Reached skill level 2 in Fighting
    12 | D        | Reached skill level 1 in Armour
    19 | D        | Reached skill level 4 in Long Blades
   223 | D        | Noticed an ogre
   223 | D        | Noticed a hound
   223 | D        | Noticed a sky beast
   226 | D        | Reached skill level 2 in Armour
   226 | D        | Reached XP level 2. HP: 22/27 MP: 2/2
   236 | D        | HP: 11/27 [sky beast (3)]
   239 | D        | Killed a sky beast
   240 | D        | Reached skill level 4 in Fighting
   240 | D        | Reached skill level 7 in Long Blades
   240 | D        | Reached skill level 4 in Armour
   240 | D        | Reached XP level 3. HP: 16/37 MP: 3/3
   240 | D        | Reached XP level 4. HP: 19/45 MP: 4/4
   246 | D        | Reached skill level 5 in Armour
   249 | D        | Killed an ogre
   250 | D        | Reached skill level 5 in Fighting
   250 | D        | Reached skill level 8 in Long Blades
   250 | D        | Reached skill level 6 in Armour
   250 | D        | Reached XP level 5. HP: 44/52 MP: 5/5
   257 | D        | Found a snail-covered altar of Cheibriados.
   257 | D        | Found a shadowy altar of Dithmenos.
   257 | D        | Found a white marble altar of Elyvilon.
   257 | D        | Found a blossoming altar of Fedhas.
   257 | D        | Found an opulent altar of Gozag.
   258 | D        | Found a hazy altar of Hepliaklqana.
   259 | D        | Found a viscous altar of Jiyva.
   260 | D        | Found an ancient bone altar of Kikubaaqudgha.
   261 | D        | Found a corrupted altar of Lugonu.
   262 | D        | Found a burning altar of Makhleb.
   263 | D        | Found a sparkling altar of Nemelex Xobeh.
   264 | D        | Found an iron altar of Okawaru.
   265 | D        | Found a stormy altar of Qazlal.
   266 | D        | Found a sacrificial altar of Ru.
   267 | D        | Found a shimmering blue altar of Sif Muna.
   268 | D        | Found a bloodstained altar of Trog.
   269 | D        | Found a hide-covered altar of Uskayaw.
   270 | D        | Found a radiant altar of Vehumet.
   271 | D        | Found an ornate altar of the Wu Jian Council.
   272 | D        | Found a shimmering altar of Xom.
   273 | D        | Found a basalt altar of Yredelemnul.
   274 | D        | Found a glowing silver altar of Zin.
   275 | D        | Found a glowing golden altar of the Shining One.
   300 | D        | Noticed an acid dragon
   300 | D        | Noticed an orc warrior
   304 | D        | Reached skill level 9 in Long Blades
   308 | D        | Killed an orc warrior
   309 | D        | Reached skill level 6 in Fighting
   309 | D        | Reached skill level 10 in Long Blades
   309 | D        | Reached skill level 7 in Armour
   309 | D        | Reached XP level 6. HP: 63/63 MP: 6/6
   314 | D        | Killed an acid dragon
   315 | D        | HP: 23/63 [gnoll sergeant (11)]
   328 | D        | Reached skill level 7 in Fighting
   328 | D        | Reached skill level 8 in Armour
   331 | D        | Reached skill level 11 in Long Blades
   331 | D        | Reached XP level 7. HP: 26/72 MP: 7/7
   455 | D        | Noticed a boulder beetle
   455 | D        | Noticed a tengu warrior
   455 | D        | Noticed a cane toad
   455 | D        | Noticed a wraith
   455 | D        | Noticed a two-headed ogre
   460 | D        | Noticed a meliai
   460 | D        | a cane toad changed into a meliai
   461 | D        | Reached skill level 1 in Shields
   461 | D        | Killed a wraith
   462 | D        | Reached skill level 2 in Shields
   462 | D        | Killed a meliai
   463 | D        | Reached skill level 12 in Long Blades
   463 | D        | Reached skill level 9 in Armour
   463 | D        | Reached skill level 3 in Shields
   463 | D        | HP: 27/73 [two-headed ogre (17)]
   464 | D        | Killed a two-headed ogre
   465 | D        | Reached skill level 8 in Fighting
   465 | D        | Reached skill level 13 in Long Blades
   465 | D        | Reached skill level 10 in Armour
   465 | D        | Reached skill level 5 in Shields
   465 | D        | Reached XP level 8. HP: 31/84 MP: 8/8
   483 | D        | HP: 35/84 [tengu warrior (15)]
   484 | D        | HP: 15/84 [boulder beetle (20)]
   485 | D        | HP: 4/84 [tengu warrior (13)]
   485 | D        | HP: 1/84 [tengu warrior (3)]
   501 | D        | Killed a tengu warrior
   502 | D        | Reached skill level 9 in Fighting
   502 | D        | Reached skill level 6 in Shields
   502 | D        | Gained mutation: You passively map the area around you.
                  | [Deep Dwarf growth]
   502 | D        | Reached XP level 9. HP: 56/91 MP: 6/6
   507 | D        | HP: 40/91 [boulder beetle (16)]
   511 | D        | Killed a boulder beetle
   512 | D        | Reached skill level 14 in Long Blades
   512 | D        | Reached skill level 11 in Armour
   512 | D        | Reached skill level 7 in Shields
   664 | D        | Noticed a cane toad
   664 | D        | Noticed a komodo dragon
   670 | D        | Reached skill level 8 in Shields
   680 | D        | Killed a komodo dragon
   681 | D        | Reached skill level 10 in Fighting
   684 | D        | Killed a cane toad
   696 | D        | Reached skill level 15 in Long Blades
   710 | D        | Reached XP level 10. HP: 75/103 MP: 7/7
   715 | D        | Reached skill level 12 in Armour
   715 | D        | Reached skill level 9 in Shields
   839 | D        | Became a worshipper of Makhleb the Destroyer
   978 | D        | Noticed an elephant
   978 | D        | Noticed a seven-headed hydra
   983 | D        | Killed a three-headed hydra
   986 | D        | Noticed a black mamba
   989 | D        | Noticed a catoblepas
  1000 | D        | Reached * piety under Makhleb
  1005 | D        | Killed an elephant
  1011 | D        | HP: 29/103 [catoblepas (25)]
  1012 | D        | Killed a catoblepas
  1013 | D        | Reached skill level 11 in Fighting
  1013 | D        | Reached skill level 16 in Long Blades
  1013 | D        | Reached skill level 10 in Shields
  1019 | D        | Reached ** piety under Makhleb
  1024 | D        | Killed a black mamba
  1029 | D        | Reached skill level 13 in Armour
  1046 | D        | Reached *** piety under Makhleb
  1058 | D        | HP: 52/105 [polar bear (4)]
  1070 | D        | Reached **** piety under Makhleb
  1075 | D        | Reached skill level 11 in Shields
  1075 | D        | Reached XP level 11. HP: 73/112 MP: 8/8
  1133 | D        | Noticed Urug
  1134 | D        | Noticed Harold
  1153 | D        | HP: 51/114 [Urug (13)]
  1155 | D        | Killed Urug
  1156 | D        | Reached skill level 17 in Long Blades
  1158 | D        | HP: 34/114 [Harold (9)]
  1159 | D        | Killed Harold
  1159 | D        | Reached ***** piety under Makhleb
  1199 | D        | Noticed Eustachio
  1218 | D        | Killed Eustachio
  1219 | D        | Reached skill level 12 in Fighting
  1291 | D        | Reached ****** piety under Makhleb
  1350 | D        | Noticed an orc knight
  1356 | D        | Killed an orc knight
  1367 | D        | Reached skill level 14 in Armour
  1367 | D        | Noticed an orc knight
  1370 | D        | Noticed an orc knight
  1376 | D        | HP: 56/114 [orc warrior (10)]
  1383 | D        | HP: 54/114 [orc warrior/boomerang (2)]
  1389 | D        | HP: 51/114 [orc warrior/boomerang (3)]
  1443 | D        | Killed an orc knight
  1444 | D        | Reached skill level 12 in Shields
  1457 | D        | HP: 53/114 [orc knight (10)]
  1460 | D        | HP: 19/114 [orc knight (16)]
  1460 | D        | HP: 9/114 [orc warrior (10)]
  1466 | D        | HP: 46/114 [orc knight (17)]
  1472 | D        | HP: 35/114 [orc warrior (11)]
  1473 | D        | Killed an orc knight
  1474 | D        | Reached skill level 4 in Dodging
  1476 | D        | HP: 17/115 [orc warrior (10)]
  1578 | D        | Found Xuxzou Aresi's Weapon Boutique.
  1578 | D        | Noticed an orc knight
  1578 | D        | Noticed an orc knight
  1578 | D        | Noticed an orc knight
  1580 | D        | Noticed an orc knight
  1585 | D        | Killed an orc knight
  1596 | D        | Killed an orc knight
  1597 | D        | Reached skill level 5 in Dodging
  1610 | D        | Killed an orc knight
  1611 | D        | Reached skill level 13 in Shields
  1615 | D        | Found Toil Asa's Armour Shop.
  1627 | D        | Killed an orc knight
  1628 | D        | Reached skill level 18 in Long Blades
  1643 | D        | HP: 56/115 [orc warrior (11)]
  1652 | D        | Found Fujut's Book Boutique.
  1656 | D        | Found Ychei's Armour Shop.
  1660 | D        | Noticed an orc knight
  1661 | D        | Noticed an orc knight
  1676 | D        | Killed an orc knight
  1677 | D        | Reached skill level 6 in Dodging
  1688 | D        | HP: 52/116 [orc knight (16)]
  1700 | D        | Killed an orc knight
  1701 | D        | Reached skill level 4 in Invocations
  1704 | D        | Reached skill level 5 in Invocations
  1706 | D        | Bought a +2 cloak for 214 gold pieces
  1706 | D        | Bought a +1 pair of gloves for 149 gold pieces
  1733 | D        | Bought a +2 plate armour of cold resistance for 400 gold
                  | pieces
  1916 | D        | Noticed a brown ugly thing
  1916 | D        | Noticed a death knight
  1916 | D        | Noticed a cyan ugly thing
  1916 | D        | Noticed an ogre mage
  1927 | D        | Reached skill level 6 in Invocations
  1933 | D        | Killed an ogre mage
  1934 | D        | Reached skill level 8 in Invocations
  1934 | D        | Reached XP level 12. HP: 93/123 MP: 5/9
  1937 | D        | Reached skill level 9 in Invocations
  1937 | D        | Noticed a fire dragon
  1954 | D        | Killed a death knight
  1955 | D        | Reached skill level 10 in Invocations
  1963 | D        | Reached skill level 13 in Fighting
  1963 | D        | Reached skill level 14 in Shields
  1967 | D        | HP: 63/126 [cyclops (19)]
  1969 | D        | Reached skill level 15 in Armour
  1975 | D        | HP: 59/126 [fire dragon/blast of flame (16)]
  1978 | D        | Killed a fire dragon
  1997 | D        | Noticed a frost giant
  2017 | D        | Noticed an ettin
  2025 | D        | Killed a frost giant
  2026 | D        | Reached skill level 15 in Shields
  2030 | D        | Killed an ettin
  2038 | D        | Reached skill level 16 in Armour
  2046 | D        | Noticed an ettin
  2049 | D        | HP: 57/127 [ettin (25)]
  2057 | D        | HP: 45/127 [ettin (9)]
  2060 | D        | HP: 18/127 [ettin (24)]
  2061 | D        | Demolished by an ettin

Vanquished Creatures
  A frost giant (D)
  An ettin (D)
  A fire dragon (D)
  Harold (D)
  A hydra (D)
  An ogre mage (D)
  A boulder beetle (D)
  A catoblepas (D)
  A death knight (D)
  A two-headed ogre (D)
  A tengu warrior (D)
  Urug (D)
  9 orc knights (D)
  2 cyclopes (D)
  4 ugly things (D)
  An elephant (D)
  A black mamba (D)
  A cane toad (D)
  2 komodo dragons (D)
  A yaktaur (shapeshifter) (D)
  An efreet (D)
  A meliai (shapeshifter) (D)
  4 polar bears (D)
  A blink frog (D)
  A wraith (D)
  Eustachio (D)
  A basilisk (D)
  An acid dragon (D)
  6 water moccasins (D)
  A sky beast (D)
  4 black bears (D)
  16 orc warriors (D)
  An ogre (D)
  3 bullfrogs (D)
  A gnoll sergeant (D)
  A killer bee (D)
  A howler monkey (D)
  A hound (D)
  5 orc priests (D)
  A gnoll shaman (D)
  4 orc wizards (D)
  An adder zombie (D)
  A dart slug (D)
  6 orcs (D)
  3 hobgoblins (D)
  A giant cockroach zombie (D)
  A rat (D)
102 creatures vanquished.

Table legend: (Time is in decaauts)
 A = Elapsed time spent in this place.
 B = Non-inter-level travel time spent in this place.
 C = Inter-level travel time spent in this place.
 D = Time resting spent in this place.
 E = Time spent auto-exploring this place.
 F = Levels seen in this place.
 G = Mean time per level.
                   A        B        C        D        E       F      G
               +--------+--------+--------+--------+--------+-----+--------+
         Total |   1952 |   1802 |    150 |    303 |    724 |   1 | 1952.0 |
       Dungeon |   1952 |   1802 |    150 |    303 |    724 |   1 | 1952.0 |
               +--------+--------+--------+--------+--------+-----+--------+

Top non-repeatable levels by time:
       D: 1952 daAuts
